 Dungeon Crawl Stone Soup version 0.19-a0-1128-gc4a0c12 (webtiles) character file.

133 Jmtri7 the Sneak (level 4, 0/33 HPs)
             Began as a Demonspawn Gladiator on Aug 12, 2016.
             Slain by a worm (10 damage)
             ... on level 3 of the Dungeon.
             The game lasted 00:04:57 (2765 turns).

Jmtri7 the Sneak (Demonspawn Gladiator)             Turns: 2765, Time: 00:04:58

Health: 0/33       AC:  4    Str: 15    XL:     4   Next: 94%
Magic:  4/4        EV: 13    Int: 10    God:
Gold:   151        SH:  0    Dex: 14    Spells: 0 memorised, 3 levels left

rFire  . . .     SeeInvis .     r - +0 dagger
rCold  + . .     Gourm    .     s - +0 robe (curse)
rNeg   . . .     Faith    .     (no shield)
rPois  .         Spirit   .     y - +0 helmet
rElec  .         Dismiss  .     (no cloak)
rCorr  .         Reflect  .     o - +0 pair of gloves
SustAt .         Harm     .     (no boots)
MR     .....                    (no amulet)
Stlth  ++++......               (no ring)
                                t - ring of protection from cold

@:
A: nightstalker 1
a: no special abilities


You were on level 3 of the Dungeon.
You were not hungry.

You visited 1 branch of the dungeon, and saw 3 of its levels.

You collected 151 gold pieces.

Inventory:

Hand Weapons
 a - a +0 long sword
 r - a +0 dagger (weapon)
Missiles
 d - 3 throwing nets (quivered)
Armour
 o - a +0 pair of gloves (worn)
 s - a cursed +0 robe (worn)
 y - a +0 helmet (worn)
Jewellery
 t - a ring of protection from cold (left hand)
Scrolls
 b - a scroll of remove curse {unknown}
 i - a scroll of enchant armour {unknown}
 m - 2 scrolls of amnesia {unknown}
 n - 3 scrolls of blinking {unknown}
 q - a scroll of teleportation {unknown}
 w - a scroll of identify {unknown}
Potions
 e - a potion of mutation {unknown}
 h - 3 potions of lignification {unknown}
 j - 3 potions of curing {unknown}
 k - a potion of brilliance {unknown}
 l - a potion of degeneration {unknown}
 u - a potion of might {unknown}
 x - a potion of cure mutation {unknown}
Comestibles
 f - 3 bread rations
 g - a royal jelly
 p - a meat ration
 v - 6 chunks of flesh


   Skills:
 - Level 2.2 Fighting
 - Level 2.8 Long Blades
 - Level 1.7 Throwing
 - Level 3.1 Dodging
 + Level 4.0 Stealth


You had 3 spell levels left.
You didn't know any spells.

Dungeon Overview and Level Annotations

Branches:
Dungeon (3/15)

Altars:
Makhleb
Nemelex Xobeh


Innate Abilities, Weirdness & Mutations

You are slightly more attuned to the shadows.


Message History

You hit the worm.
The worm is heavily wounded.
Some of the chunks of flesh in your inventory have rotted away.
You hit the worm.
The worm is heavily wounded.
The worm barely misses you.
You hit the worm.
The worm is severely wounded.
You hit the worm but do no damage.
The worm is severely wounded.
The worm barely misses you.
You hit the worm.
The worm is severely wounded.
The worm bites you but does no damage.
You hit the worm but do no damage.
The worm is severely wounded.
You hit the worm.
The worm is severely wounded.
The worm bites you!
You die...

#####.#####
#$.###.######.##...
)....<....# #..#
#.. #)##.##
#####.###.# #..#
### #....# # #.#
#..# ####.## # #.#
#..# #... ..#
###..#### ###. ###
###..... .# #.
#....Zw##.# #.
#.#.#.@...### #.
#......#..... .#
#.#.#....##.# ##. .
#.....#.###.# ..
#####.#.# #.#...
#.#.# #.#...
#.#.###.... ###
#.......#
###∩###..####.....#


You could see a worm and a giant frog skeleton.

Vanquished Creatures
  A hound (D:3)
  4 adders
  An ooze (D:2)
  4 worms
  4 giant geckos
  An orc (D:3)
  5 giant cockroaches
  4 goblins
  3 hobgoblins
  4 jackals (D:1)
  A quokka (D:2)
  A ball python (D:1)
  5 bats
  A giant newt (D:3)
  4 kobolds
  6 rats
49 creatures vanquished.

Notes
Turn   | Place    | Note
-------+----------+-------------------------------------------
     0 | D:1      | Jmtri7 the Demonspawn Gladiator began the quest for the Orb.
     0 | D:1      | Reached XP level 1. HP: 16/16 MP: 1/1
   185 | D:1      | Gained mutation: You are slightly more attuned to the shadows. [demonic ancestry]
   185 | D:1      | Reached XP level 2. HP: 22/22 MP: 2/2
   908 | D:2      | Reached skill level 1 in Stealth
  1073 | D:2      | Found a sparkling altar of Nemelex Xobeh.
  1093 | D:2      | Reached XP level 3. HP: 25/27 MP: 3/3
  1173 | D:2      | Reached skill level 2 in Stealth
  1849 | D:3      | Reached XP level 4. HP: 11/33 MP: 4/4
  1853 | D:3      | HP: 1/33 [orc/hand axe (4)]
  1856 | D:3      | Reached skill level 3 in Stealth
  2562 | D:3      | Found a burning altar of Makhleb.
  2632 | D:3      | Reached skill level 4 in Stealth
  2765 | D:3      | Slain by a worm

Vault maps used:
D:1:      mrwooster_arrival_arrow
D:2:      lemuel_round_altar, first_bread
D:3:      makhleb_heckhound_becter, old_standard_altar, serial_glass,
          glass_columns_a, glass_columns_b, glass_columns_a, glass_columns_a

Skill      XL: |  1  2  3  4 |
---------------+-------------+-----
Dodging        | 3 |  3.1
Stealth        | 1 2 4 |  4.0
Fighting       | |  2.2
Long Blades    | |  2.8
Throwing       | |  1.7

Action                   |  1- 3 |  4- 6 || total
-------------------------+-------+-------++-------
Melee: Long sword        |    31 |       ||    31
       Dagger            |   143 |    87 ||   230
 Stab: Sleeping          |     8 |     4 ||    12
  Eat: Chunk             |     3 |     3 ||     6
Armor: Leather armour    |    17 |       ||    17
       Robe              |    56 |    10 ||    66
Dodge: Dodged            |   123 |    39 ||   162
